 Dungeon Crawl Stone Soup version 0.24.1-14-gf8d2b509d9 (webtiles) character file.

Game seed: 15881971184786289394, levelgen mode: deterministic

198 Ejeck the Spear-Bearer (level 5, -1/41 HPs)
             Began as a Merfolk Berserker on May 28, 2020.
             Was a Believer of Trog.
             Slain by a gnoll (5 damage)
             ... on level 3 of the Dungeon.
             The game lasted 00:04:39 (2145 turns).

Ejeck the Spear-Bearer (Merfolk Berserker)          Turns: 2145, Time: 00:04:39

Health: -1/41      AC:  5    Str: 19    XL:     5   Next: 77%
Magic:  5/5        EV: 12    Int:  6    God:    Trog [**....]
Gold:   144        SH:  0    Dex: 13    Spells: 4/4 levels left

rFire    . . .     SeeInvis .   a - +0 spear
rCold    . . .     Gourm    .   (no shield)
rNeg     . . .     Faith    .   k - +0 ring mail
rPois    .         Spirit   .   (no helmet)
rElec    .         Reflect  .   (no cloak)
rCorr    .         Harm     .   (no gloves)
MR       .....                  (no boots)
Stlth    +.........             (no amulet)
HPRegen  0.13/turn              (no ring)
MPRegen  0.09/turn              (no ring)

@: no status effects
A: change form in water, swift swim, stealthy swim
a: Berserk, Trog's Hand, Renounce Religion


You were on level 3 of the Dungeon.
You worshipped Trog.
Trog was pleased with you.
You were not hungry.

You visited 1 branch of the dungeon, and saw 3 of its levels.

You collected 144 gold pieces.

Inventory:

Hand Weapons
 a - a +0 spear (weapon)
Armour
 k - a +0 ring mail (worn)
Scrolls
 e - 2 scrolls of immolation {unknown}
 f - a scroll of random uselessness {unknown}
 g - 2 scrolls of identify {unknown}
 i - a scroll of fear {unknown}
 l - a scroll of fog {unknown}
Potions
 b - a potion of haste {unknown}
 d - a potion of cancellation {unknown}
 j - a potion of ambrosia {unknown}
Comestibles
 c - 4 rations


   Skills:
 - Level 3.2 Fighting
 * Level 9.1 Polearms
 - Level 1.3 Armour
 - Level 2.6 Dodging


You had 4 spell levels left.
You didn't know any spells.
Your spell library was empty.

Dungeon Overview and Level Annotations

Branches:
Dungeon (3/15)

Altars:
Makhleb


Message History

The gnoll hits you.
* * * LOW HITPOINT WARNING * * *
You feel better. The orc priest closely misses you.
The gnoll hits you but does no damage.
You hit the orc priest but do no damage.
The orc priest is severely wounded.
The orc priest hits you with a +0 short sword.
* * * LOW HITPOINT WARNING * * *
The gnoll hits you.
* * * LOW HITPOINT WARNING * * *
You hit the orc priest.
You kill the orc priest!
Trog accepts your kill.
Your Polearms skill increases to level 9!
You hit the gnoll but do no damage. The gnoll hits you.
* * * LOW HITPOINT WARNING * * *
You hit the gnoll.
The gnoll is lightly wounded.
The orc barely misses you. The gnoll hits you.
You die...

#..# #.#
#..# #.#
#g######..#
#.#
#.....)...#
#.#
######)...#
#.#### #.#
#o######
#@g(†).#
######.# (#
..


g#g ...g .# #. .# ## You could see a gnoll and an orc.

Vanquished Creatures
  A hound (D:2)
  An orc priest (D:3)
  6 gnolls (D:3)
  3 adders (D:2)
  A worm (D:3)
  2 dart slugs
  A leopard gecko (D:2)
  3 orcs (D:3)
  A giant cockroach (D:2)
  2 goblins
  5 hobgoblins
  5 jackals (D:3)
  3 bats (D:1)
  6 frilled lizards
  4 kobolds
  9 rats
53 creatures vanquished.

Notes
Turn   | Place    | Note
-------+----------+-------------------------------------------
     0 | D:1      | Ejeck the Merfolk Berserker began the quest for the Orb.
     0 | D:1      | Reached XP level 1. HP: 18/18 MP: 1/1
    88 | D:1      | Reached skill level 5 in Polearms
    88 | D:1      | Reached XP level 2. HP: 18/24 MP: 2/2
   824 | D:2      | Reached skill level 6 in Polearms
   824 | D:2      | Reached XP level 3. HP: 25/29 MP: 3/3
  1141 | D:2      | Reached ** piety under Trog
  1503 | D:2      | Found a burning altar of Makhleb.
  1530 | D:2      | Reached skill level 7 in Polearms
  1530 | D:2      | Reached XP level 4. HP: 13/35 MP: 4/4
  2078 | D:3      | Reached skill level 8 in Polearms
  2078 | D:3      | Reached XP level 5. HP: 31/41 MP: 5/5
  2140 | D:3      | HP: 1/41 [gnoll (2)]
  2143 | D:3      | Reached skill level 9 in Polearms
  2145 | D:3      | Slain by a gnoll

Levels and vault maps discovered:
D:1:      saegor_arrival_miasma, layout_basic, item_on_display_a
D:2:      layout_loops_ring, first_ration, makhleb_heckhound_becter
D:3:      layout_loops_ring, cheibrodos_sewer_entry_drain, chequers_avenue,
          nicolae_qazlal_general_emergency

Skill      XL: |  1  2  3  4  5 |
---------------+----------------+-----
Polearms       | 5 6 7 8 9 |  9.1
Fighting       | |  3.2
Armour         | |  1.3
Dodging        | |  2.6

Action                   |  1- 3 |  4- 6 || total
-------------------------+-------+-------++-------
Melee: Spear             |   100 |   123 ||   223
  Use: Potion            |       |     4 ||     4
 Stab: Sleeping          |     4 |       ||     4
  Eat: Ration            |     1 |     1 ||     2
Armor: Animal skin       |     5 |       ||     5
       Ring mail         |       |    16 ||    16
Dodge: Dodged            |    46 |    54 ||   100
